 Dungeon Crawl Stone Soup version 0.20.1-2-g1830e616b0 (webtiles) character file.

78 Alfie the Shooter (level 4, -4/33 HPs)
             Began as a Human Hunter on Jan 22, 2020.
             Killed from afar by an orc wizard (7 damage)
             ... with a magic dart
             ... on level 3 of the Dungeon.
             The game lasted 00:06:15 (1561 turns).

Alfie the Shooter (Human Hunter)                    Turns: 1561, Time: 00:06:20

Health: -4/33      AC:  3    Str: 13    XL:     4   Next: 61%
Magic:  4/4        EV: 12    Int: 11    God:
Gold:   75         SH:  0    Dex: 14    Spells: 3/3 levels left

rFire    + . .     SeeInvis .   b - +0 short sword
rCold    + . .     Gourm    .   (no shield)
rNeg     . . .     Faith    .   c - +0 leather armour
rPois    .         Spirit   .   (no helmet)
rElec    .         Reflect  .   (no cloak)
rCorr    .         Harm     .   (no gloves)
MR       +....                  (no boots)
Stlth    +.........             (no amulet)
Regen    0.2/turn               (no ring)
MPRegen  0.1/turn               (no ring)

@: no status effects
A: cold resistance 1, fire resistance 1, magic resistance 1
a: no special abilities


You were on level 3 of the Dungeon.
You were not hungry.

You visited 1 branch of the dungeon, and saw 3 of its levels.

You collected 75 gold pieces.

Inventory:

Hand Weapons
 a - a +1 shortbow
 b - a +0 short sword (weapon)
Armour
 c - a +0 leather armour (worn)
Scrolls
 h - 2 scrolls of teleportation
 j - 2 scrolls of remove curse
 k - 2 scrolls of identify
 m - a scroll of fog
 n - a scroll of amnesia
Potions
 g - a potion of brilliance
 l - a potion of ambrosia {unknown}
 o - a potion of degeneration {unknown}
Comestibles
 f - 3 bread rations
 i - a meat ration


   Skills:
 + Level 2.2 Fighting
 + Level 0.2 Short Blades
 + Level 5.4 Bows
 + Level 0.2 Armour
 + Level 2.1 Dodging
 + Level 1.1 Stealth


You had 3 spell levels left.
You didn't know any spells.

Dungeon Overview and Level Annotations

Branches:
Dungeon (3/15)

Altars:


Innate Abilities, Weirdness & Mutations

Your flesh is cold resistant. (rC+)
Your flesh is heat resistant. (rF+)
You are resistant to hostile enchantments. (MR+)


Message History

The orc is severely wounded.
The orc wizard is no longer moving quickly.
The orc wizard hits you with a dagger. The orc hits you with a mace.
* * * LOW HITPOINT WARNING * * *
You hit the orc.
You kill the orc!
The orc wizard hits you but does no damage.
It was a potion of mutation.
You feel extremely strange.
You feel resistant to hostile enchantments.
You feel resistant to heat.
You feel resistant to cold.
The orc wizard hits you but does no damage.
The orc hits you.
* * * LOW HITPOINT WARNING * * *
You closely miss the orc.
The orc wizard hits you but does no damage.
The orc hits you.
* * * LOW HITPOINT WARNING * * *
The orc wizard casts a spell at you. The magic dart hits you!
You die...

#.. #.# ## # #.# #. #.
#.# ###### #.
#.####.####....# .#
...##.##.....# #.#
#.##.##....###..###
#.@o..)...........o
#.###o##.##.((......###
#.....#...#............
........#...........###
#######...####.....##
#.<....## #######
#.###### #.# #.#


You could see an orc wizard and an orc.

Vanquished Creatures
  2 adders (D:2)
  2 dart slugs (D:1)
  3 leopard geckos (D:2)
  2 orcs (D:3)
  3 giant cockroaches (D:1)
  4 goblins
  6 hobgoblins
  11 jackals
  5 bats (D:1)
  3 frilled lizards
  4 kobolds (D:1)
  A rat (D:1)
46 creatures vanquished.

Notes
Turn   | Place    | Note
-------+----------+-------------------------------------------
     0 | D:1      | Alfie the Human Hunter began the quest for the Orb.
     0 | D:1      | Reached XP level 1. HP: 16/16 MP: 1/1
   158 | D:1      | Reached XP level 2. HP: 22/22 MP: 2/2
   370 | D:1      | Reached XP level 3. HP: 27/27 MP: 3/3
   600 | D:1      | Reached skill level 5 in Bows
   891 | D:2      | Reached XP level 4. HP: 33/33 MP: 4/4
  1560 | D:3      | Gained mutation: You are resistant to hostile enchantments. (MR+) [potion of mutation]
  1560 | D:3      | Gained mutation: Your flesh is heat resistant. (rF+) [potion of mutation]
  1560 | D:3      | Gained mutation: Your flesh is cold resistant. (rC+) [potion of mutation]
  1561 | D:3      | Killed from afar by an orc wizard

Skill      XL: |  1  2  3 |
---------------+----------+-----
Bows           | 5 |  5.4
Fighting       | |  2.2
Short Blades   | |  0.2
Armour         | |  0.2
Dodging        | |  2.1
Stealth        | |  1.1

Action                   |  1- 3 |  4- 6 || total
-------------------------+-------+-------++-------
Melee: Short sword       |       |    40 ||    40
 Fire: Shortbow          |    71 |    36 ||   107
  Use: Scroll            |       |     5 ||     5
       Potion            |       |     1 ||     1
  Eat: Meat ration       |       |     1 ||     1
Armor: Leather armour    |     6 |    15 ||    21
Dodge: Dodged            |    14 |    26 ||    40
